 Dungeon Crawl Stone Soup version 0.29.1-12-g30fa7ad0bf (webtiles) character file.

Game seed: 11883161926567044437

616 Mitcholas the Basher (level 7, -10/41 HPs)
             Began as a Gargoyle Fighter on Dec 27, 2022.
             Mangled by an ogre
             ... wielding a +0 giant club
              (18 damage)
             ... on level 4 of the Dungeon.
             The game lasted 00:10:41 (5262 turns).

Mitcholas the Basher (Gargoyle Fighter)             Turns: 5262, Time: 00:10:41

Health: -10/41     AC: 18    Str: 21    XL:     7   Next: 45%
Magic:  7/7        EV:  5    Int: 15    God:
Gold:   303        SH:  4    Dex:  9    Spells: 6/6 levels left

rFire   . . .      SeeInvis .   a - +0 flail
rCold   . . .      Faith    .   c - +0 buckler
rNeg    + . .      Spirit   .   y - +0 plate armour
rPois   ∞          Reflect  .   (no helmet)
rElec   +          Harm     .   x - +1 cloak
rCorr   .          Rampage  .   (no gloves)
Will    .....                   (no boots)
Stlth   ..........              (no amulet)
HPRegen 0.13/turn               g - +6 ring of intelligence
MPRegen 0.10/turn               (no ring)

@: no status effects
A: sickness immunity, AC +4, negative energy resistance 1, electricity
resistance, torment resistance 1, petrification resistance
a: no special abilities


You were on level 4 of the Dungeon.
You visited 1 branch of the dungeon, and saw 5 of its levels.

You collected 303 gold pieces.

Inventory:

Hand Weapons
 a - a +0 flail (weapon)
Missiles
 v - 2 poisoned darts (quivered)
Armour
 c - a +0 buckler (worn)
 x - a +1 cloak (worn)
 y - a +0 plate armour (worn)
Jewellery
 g - a +6 ring of intelligence (left hand)
 z - an amulet of reflection
Wands
 h - a wand of flame (7)
Scrolls
 b - 3 scrolls of enchant armour
 e - 3 scrolls of teleportation {unknown}
 k - a scroll of amnesia {unknown}
 o - 6 scrolls of identify {unknown}
 p - a scroll of torment {unknown}
 r - a scroll of silence {unknown}
 s - a scroll of fear {unknown}
 t - a scroll of enchant weapon {unknown}
 u - 2 scrolls of blinking {unknown}
 w - a scroll of fog {unknown}
Potions
 d - a potion of might
 f - 3 potions of heal wounds {unknown}
 i - 2 potions of brilliance {unknown}
 j - a potion of haste {unknown}
 l - 2 potions of degeneration {unknown}
 m - a potion of attraction {unknown}
 n - 2 potions of mutation {unknown}
 q - a potion of magic {unknown}


   Skills:
 - Level 3.2 Fighting
 + Level 8.1 Maces & Flails
 - Level 3.2 Armour
 - Level 3.2 Shields


You had 6 spell levels left.
You didn't know any spells.
Your spell library contained the following spells:

 Spells                   Type           Power      Damage    Failure   Level
 Apportation              Tloc           0%         N/A       100%        1
 Gell's Gravitas          Tloc           0%         N/A       100%        3
 Lesser Beckoning         Tloc           0%         N/A       100%        3
 Teleport Other           Tloc           0%         N/A       100%        3
 Alistair's Intoxication  Tmut/Pois      0%         N/A       100%        5


Dungeon Overview and Level Annotations

Branches:
Dungeon (5/15)
 Temple: D:4-7

Altars:
Elyvilon
Gozag
Vehumet
Zin

Shops:
D:4 ?


Innate Abilities, Weirdness & Mutations

You are immune to sickness and miasma.
Your stone body is resilient. (AC +4)
You are immune to poison.
You resist negative energy. (rN+)
You are resistant to electric shocks. (rElec)
You are resistant to unholy torment.
You are immune to petrification.


Message History

The phantom hits you but does no damage.
The phantom attacks as you move away! The phantom hits you.
The phantom hits you but does no damage.
The phantom attacks as you move away!
The phantom hits you but does no damage.
The phantom attacks as you move away!
The phantom hits you but does no damage.
There is a stone staircase leading up here.
The phantom hits you.
The phantom blinks!
You blink.
You stop ascending the stairs.
Okay, then.
The phantom attacks as you move away!
The phantom hits you but does no damage.
The phantom barely misses you.
As you read the scroll labelled XORAGROANOJA, it crumbles to dust.
It is a scroll of enchant armour.
Your +0 cloak glows green for a moment.
The orc hits you but does no damage. The ogre barely misses you.
The phantom hits you but does no damage.
The ogre attacks as you move away! The ogre hits you with a +0 giant club!
The orc barely misses you.
The phantom hits you but does no damage.
The orc attacks as you move away! You block the orc's attack.
The phantom hits you but does no damage.
The orc attacks as you move away! The orc hits you but does no damage.
The phantom attacks as you move away! The phantom closely misses you.
The orc hits you but does no damage. The phantom attacks as you move away!
The phantom hits you. The ogre hits you with a +0 giant club!
* * * LOW HITPOINT WARNING * * *
There is a stone staircase leading up here.
You block the orc's attack.
The phantom hits you but does no damage.
The ogre barely misses you.
You climb upwards.
There is a stone staircase leading down here.
There is a stone staircase leading up here.
The phantom barely misses you.
The ogre hits you with a +0 giant club!!
You die...

#.........)...# #.###########.#
#.#...# ###.##### #### #.#.#.#
#.......# ...#
#.#.#.#####.#.....# ...#
#.#.......#.################ ...#
#.#......##................#
...###.#.#(####################.#
...'..........oW@............##.#
...###.##......O...........#.##.#
#### #.#######.###########.#.##.#
######.......................##.#
#..........................####.#
#.############.##########..# #.#
#.##..)....#...# #..# #.#
#.##(#._.#.##..# #..# #.#
#.##.#...#.##..# #..# #.#


You could see an ogre, a phantom and an orc.

Vanquished Creatures
  A black bear (D:5)
  An ogre (D:5)
  A necrophage (D:5)
  A scorpion (D:5)
  A jelly (D:5)
  A hound (D:5)
  Jessica (D:2)
  2 orc wizards (D:5)
  2 iguanas (D:5)
  5 adders
  2 worms (D:2)
  3 dart slugs
  4 orcs
  5 bats
  6 endoplasms
  3 giant cockroaches
  7 goblins
  6 hobgoblins
  4 jackals
  7 kobolds
  2 quokkas
  4 ball pythons
  3 frilled lizards (D:1)
  A rat (D:1)
73 creatures vanquished.

Notes
Turn   | Place    | Note
-------+----------+-------------------------------------------
     0 | D:1      | Mitcholas the Gargoyle Fighter began the quest for the Orb.
     0 | D:1      | Reached XP level 1. HP: 14/14 MP: 1/1
   498 | D:1      | Reached XP level 2. HP: 17/19 MP: 2/2
   654 | D:1      | Reached skill level 3 in Maces & Flails
  1436 | D:2      | Reached XP level 3. HP: 23/23 MP: 3/3
  1533 | D:2      | Noticed Jessica
  1734 | D:2      | Killed Jessica
  1735 | D:2      | Reached skill level 4 in Maces & Flails
  1735 | D:2      | Reached XP level 4. HP: 21/28 MP: 4/4
  2212 | D:2      | Found a faded altar of an unknown god.
  3048 | D:3      | Found a glowing silver altar of Zin.
  3397 | D:4      | Reached skill level 5 in Maces & Flails
  3398 | D:4      | Reached XP level 5. HP: 32/32 MP: 5/5
  3538 | D:4      | Found a radiant altar of Vehumet.
  3657 | D:4      | Found Veamy's Magic Scroll Emporium.
  3762 | D:4      | Found a white marble altar of Elyvilon.
  3982 | D:5      | Entered Level 5 of the Dungeon
  3982 | D:5      | Noticed a black bear
  4256 | D:5      | Reached skill level 6 in Maces & Flails
  4256 | D:5      | Reached XP level 6. HP: 21/37 MP: 6/6
  4423 | D:5      | Identified the +3 falchion of Fixation {vorpal, Will+
                  | Str+5}
  4489 | D:5      | Found an opulent altar of Gozag.
  4573 | D:5      | Killed a black bear
  4595 | D:5      | Reached skill level 7 in Maces & Flails
  5103 | D:5      | Reached XP level 7. HP: 38/41 MP: 7/7
  5230 | D:5      | Reached skill level 8 in Maces & Flails
  5262 | D:4      | Mangled by an ogre

Illustrated notes

Levels and vault maps discovered:
D:1:      wander_arrival_estate, layout_basic, serial_corexii_hall,
          corexii_hall_statues_l, corexii_hall_statues_x,
          minmay_misc_feat_ornament
D:2:      layout_basic, hellmonk_ecumenical_altar_run_dry, uniq_jessica
D:3:      layout_rooms, zin_academy, st_stairs_9
D:4:      layout_basic, mainiacjoe_overflow_alcove_4,
          mainiacjoe_overflow_six_doors_small, serial_shops,
          nicolae_shop_crystal
D:5:      layout_cave_pods, mainiacjoe_overflow_brackets, corner_web_ring,
          kennysheep_generic_room_2

Skill      XL: |  1  2  3  4  5  6  7 |
---------------+----------------------+-----
Maces & Flails | 3 4 5 6 7 8 |  8.1
Fighting       | |  3.2
Armour         | |  3.2
Shields        | |  3.2

Action                   |  1- 3 |  4- 6 |  7- 9 || total
-------------------------+-------+-------+-------++-------
Melee: Flail             |   105 |   192 |    26 ||   323
Evoke: Wand              |       |     3 |     2 ||     5
  Use: Scroll            |       |       |     1 ||     1
Armor: Scale mail        |    29 |       |       ||    29
       Chain mail        |    19 |   102 |       ||   121
       Plate armour      |       |    26 |    25 ||    51
Dodge: Dodged            |    47 |    56 |    10 ||   113
Block: Buckler           |    26 |    37 |     6 ||    69
